 Dungeon Crawl Stone Soup version 0.29-a0-375-g5102b3be25 (webtiles) character file.

Game seed: 11881602754679384605

535 spaghetti the Martial Artist (level 7, 4/51 HPs)
             Began as a Gnoll Wanderer on May 3, 2022.
             Was a Plaything of Xom.
             Quit the game on level 4 of the Dungeon.
             The game lasted 00:07:24 (4905 turns).

spaghetti the Martial Artist (Gnoll Wanderer)       Turns: 4905, Time: 00:07:24

Health: 4/51       AC:  2    Str:  8 (9)  XL:     7   Next: 25%
Magic:  19/19      EV: 12    Int:  8 (9)  God:    Xom [..*...]
Gold:   153        SH:  0    Dex: 17 (18) Spells: 10/10 levels left

rFire   . . .      SeeInvis .     - Unarmed
rCold   . . .      Faith    .   (no shield)
rNeg    . . .      Spirit   .   e - +0 robe
rPois   .          Reflect  .   (no helmet)
rElec   .          Harm     .   (no cloak)
rCorr   .          Rampage  .   (no gloves)
Will    .....                   (no boots)
Stlth   ++........              (no amulet)
HPRegen 0.17/turn               h - ring of magical power
MPRegen 0.16/turn               i - ring of wizardry

@: lethally poisoned (4 -> -4)
A: fangs 1, strong nose, distributed training
a: Renounce Religion


You were on level 4 of the Dungeon.
You worshipped Xom.
You were a toy of Xom.
You visited 1 branch of the dungeon, and saw 4 of its levels.

You collected 153 gold pieces.


Innate Abilities, Weirdness & Mutations

You have very sharp teeth.
Your uncanny sense of smell can sniff out nearby items.
Your experience applies equally to all skills.


   Skills:
 + Level 2.3 Fighting
 + Level 2.3 Short Blades
 + Level 5.2 Long Blades
 + Level 2.3 Axes
 + Level 2.3 Maces & Flails
 + Level 2.3 Polearms
 + Level 2.3 Staves
 + Level 2.3 Slings
 + Level 2.3 Bows
 + Level 2.3 Crossbows
 + Level 2.3 Throwing
 + Level 3.5 Armour
 + Level 2.3 Dodging
 + Level 2.3 Stealth
 + Level 2.3 Shields
 + Level 8.9 Unarmed Combat
 + Level 2.3 Spellcasting
 + Level 1.9 Conjurations
 + Level 1.9 Hexes
 + Level 1.9 Summonings
 + Level 1.9 Necromancy
 + Level 1.9 Translocations
 + Level 1.9 Transmutations
 + Level 1.9 Fire Magic
 + Level 1.9 Ice Magic
 + Level 1.9 Air Magic
 + Level 1.9 Earth Magic
 + Level 1.9 Poison Magic
 + Level 2.6 Invocations
 + Level 7.0 Evocations


You had 10 spell levels left.
You didn't know any spells.
Your spell library was empty.

Inventory:

Hand Weapons
 a - a +1 falchion of electrocution {long}
Missiles
 f - 59 stones (quivered) {throwing}
 t - 4 atropa-tipped darts {throwing}
Armour
 e - a +0 robe (worn)
Magical Staves
 s - a staff of air {!astaff}
   (You found it on level 3 of the Dungeon)
Jewellery
 h - a ring of magical power (left hand)
   (You found it on level 1 of the Dungeon)
 i - a ring of wizardry (right hand)
   (You found it on level 1 of the Dungeon)
 k - an amulet of faith {!P}
   (You found it on level 2 of the Dungeon)
Wands
 c - a wand of flame (5)
Scrolls
 g - 2 scrolls of identify {unknown}
 n - a scroll of poison {!r}
 o - a scroll of enchant weapon
 q - a scroll of magic mapping {unknown}
 r - a scroll of torment {unknown}
 u - a scroll of enchant armour {unknown}
Potions
 b - 3 potions of haste {@q3}
Miscellaneous
 j - a phantom mirror
   (Xom gifted it to you on level 2 of the Dungeon)

Dungeon Overview and Level Annotations

Branches:
Dungeon (4/15)
 Temple: D:4-7

Altars:
Xom

#.....§##.#......
...§§§§§§§§§§○§○##.
...§§§○§§☼§§☼§§§...
...○§☼§☼§§S☼§§☼§...
##.§§§§○§§○§○§○§..#
#....§§○§§§☼§☼#.###
#......§§§§○○○###
#.....##§○☼○§○#
....# #.@..### ...
#.[..# #.<..#
##..## #..# ####


You could see a water moccasin.


Message History

A water moccasin comes into view.
Found a stone staircase leading down.
The goblin shouts!
You hear a shout! x2
An ogre comes into view. It is wielding a +0 giant club.
The goblin hits you but does no damage.
You closely miss the goblin.
You hear a zap.
Some rock shatters into small pieces.
The goblin hits you with a +0 club. 😕 HP[-2]
You take 2 damage, and now have 37/44 hp.
You hit the goblin but do no damage. You bite the goblin.
The goblin closely misses you. The water moccasin bites you.
You hear a zap.
Some rock shatters into small pieces.
The goblin hits you with a +0 club.
Ijyb the Twisted Goblin comes into view.
She is wielding a +4 dagger of protection and carrying a wand of digging (4). 😕 HP[-2]
You take 2 damage, and now have 35/44 hp.
The air fills with toxic fumes!
As you read the scroll labelled HEUBBU BASUTUK, it crumbles to dust.
It was a scroll of poison.
The water moccasin bites you!
You are poisoned.
The water moccasin poisons you!
The goblin hits you with a +0 club. 😮 HP[-9]
You take 9 damage, and now have 26/44 hp.
MASSIVE DAMAGE!! (PAUSE)
Okay, then.
You feel much better.
You feel very sick. The water moccasin bites you.
The goblin closely misses you.
The ogre is engulfed in poison gas.
The ogre is poisoned. 😕 HP[+9]
You regained 9 hp, and now have 35/44 hp.
You feel better.
The water moccasin barely misses you. x2
The goblin misses you.
Ijyb is engulfed in poison gas.
Ijyb is poisoned.
The ogre is engulfed in poison gas.
The ogre looks even sicker. 😕 HP[+5]
You regained 5 hp, and now have 40/44 hp.
As you read the scroll labelled QUXUFU VIRAL, it crumbles to dust.
It is a scroll of enchant weapon.
Your +0 falchion {long} glows red for a moment.
The water moccasin bites you!
Ijyb is engulfed in poison gas.
Ijyb looks even sicker.
The goblin hits you with a +0 club.
The ogre is engulfed in poison gas.
The ogre looks even sicker.
The ogre misses you. 😮 HP[-11]
You take 11 damage, and now have 29/44 hp.
MASSIVE DAMAGE!! (PAUSE)
As you read the scroll labelled OBAIBI HAUTO, it crumbles to dust.
It is a scroll of brand weapon.
Your +1 falchion {long} crackles with electricity.
a - a +1 falchion of electrocution {long} The water moccasin barely misses you.
The water moccasin bites you!
* * * LOW HITPOINT WARNING * * *
The goblin hits you with a +0 club.
* * * LOW HITPOINT WARNING * * *
Ijyb is engulfed in poison gas.
Ijyb looks even sicker. 😨 HP[-10]
You take 10 damage, and now have 19/44 hp.
MASSIVE DAMAGE!! (PAUSE) Unknown command.
Unknown command.
Blink to where?
Press: ? - help, Dir - move target Really blink into that cloud of poison gas?
As you read the scroll labelled OKAEHU HYEF, it crumbles to dust.
It was a scroll of blinking.
You are engulfed in poison gas.
You are poisoned.
* * * LOW HITPOINT WARNING * * *
x2 You feel very sick.
You feel a bit more experienced.
Your Evocations skill increases to level 7!
You have reached level 7! 😱 HP[-9] MP[+1]
You now have 51 max hp (+7).
You take 9 damage, and now have 10/51 hp.
Your mp is fully restored (19).
* * * LOW HITPOINT WARNING * * *
You feel very sick. 😱 HP[-3]
You take 3 damage, and now have 7/51 hp.
Unknown command.
Okay, then.
It was a potion of degeneration.
There was something very wrong with that liquid.
You feel weakened.
You feel dopey.
You feel clumsy.
Xom thinks this is hilarious!
* * * LOW HITPOINT WARNING * * *
You feel very sick.
You feel a bit more experienced.
The goblin is engulfed in poison gas.
The goblin looks even sicker.
You kill the goblin! 😱 HP[-3]
You take 3 damage, and now have 4/51 hp.
Unknown command.
You are lethally poisoned (4 -> -4).
Your movement speed is average.
Your attack delay is about 0.8.
Your base attributes are Str 9, Int 9, Dex 18.
Unknown command.
Are you sure you want to abandon this character and quit the game? (Confirm with "yes".)

Skill      XL: |  1  2  3  4  5  6 |
---------------+-------------------+-----
Invocations    | 1 2 |  2.6
Fighting       | 1 2 |  2.3
Short Blades   | 1 2 |  2.3
Axes           | 1 2 |  2.3
Maces & Flails | 1 2 |  2.3
Polearms       | 1 2 |  2.3
Staves         | 1 2 |  2.3
Slings         | 1 2 |  2.3
Bows           | 1 2 |  2.3
Crossbows      | 1 2 |  2.3
Throwing       | 1 2 |  2.3
Dodging        | 1 2 |  2.3
Stealth        | 1 2 |  2.3
Shields        | 1 2 |  2.3
Spellcasting   | 1 2 |  2.3
Conjurations   | 1 |  1.9
Hexes          | 1 |  1.9
Summonings     | 1 |  1.9
Necromancy     | 1 |  1.9
Translocations | 1 |  1.9
Transmutations | 1 |  1.9
Fire Magic     | 1 |  1.9
Ice Magic      | 1 |  1.9
Air Magic      | 1 |  1.9
Earth Magic    | 1 |  1.9
Poison Magic   | 1 |  1.9
Armour         | 3 |  3.5
Long Blades    | 5 |  5.2
Evocations     | 7 |  7.0
Unarmed Combat | |  8.9

Action                   |  1- 3 |  4- 6 |  7- 9 || total
-------------------------+-------+-------+-------++-------
Melee: Unarmed           |    67 |   165 |       ||   232
       Bite              |     3 |    20 |       ||    23
       Punch             |       |     8 |       ||     8
Throw: Stone             |    50 |   116 |       ||   166
  Use: Potion            |       |     6 |     1 ||     7
       Scroll            |       |     4 |       ||     4
 Stab: Sleeping          |     2 |     1 |       ||     3
Armor: Robe              |    22 |    26 |       ||    48
       Skin              |       |    13 |       ||    13
Dodge: Dodged            |    43 |   111 |       ||   154

Levels and vault maps discovered:
D:1:      lightli_arrival_boilingwater, layout_basic,
          hellmonk_ecumenical_altar_dog_temple
D:2:      minmay_diamond_boxcup, layout_basic
D:3:      layout_basic, uniq_sigmund
D:4:      layout_cave_pools, uniq_menkaure, uniq_ijyb

Notes
Turn   | Place    | Note
-------+----------+-------------------------------------------
     0 | D:1      | spaghetti the Gnoll Wanderer began the quest for the Orb.
     0 | D:1      | spaghetti set off with the following items: a +0 falchion
                  | {long}, 2 potions of haste {@q3}, a wand of flame (5), a
                  | potion of heal wounds {@q2}, a +0 robe
     0 | D:1      | Reached XP level 1. HP: 13/13 MP: 1/1
     0 | D:1      | magus.rc [v1.9.6]
   214 | D:1      | Found a faded altar of an unknown god.
   230 | D:1      | Prayed at the altar of an unknown god.
   230 | D:1      | Became a worshipper of Xom of Chaos
   281 | D:1      | Reached XP level 2. HP: 19/19 MP: 2/2
  1047 | D:2      | Reached XP level 3. HP: 25/25 MP: 3/3
  1242 | D:2      | Reached skill level 1 in Invocations
  1352 | D:2      | Reached skill level 1 in Fighting
  1352 | D:2      | Reached skill level 1 in Short Blades
  1352 | D:2      | Reached skill level 1 in Axes
  1352 | D:2      | Reached skill level 1 in Maces & Flails
  1352 | D:2      | Reached skill level 1 in Polearms
  1352 | D:2      | Reached skill level 1 in Staves
  1352 | D:2      | Reached skill level 1 in Slings
  1352 | D:2      | Reached skill level 1 in Bows
  1352 | D:2      | Reached skill level 1 in Crossbows
  1352 | D:2      | Reached skill level 1 in Throwing
  1352 | D:2      | Reached skill level 1 in Dodging
  1352 | D:2      | Reached skill level 1 in Stealth
  1352 | D:2      | Reached skill level 1 in Shields
  1352 | D:2      | Reached skill level 1 in Spellcasting
  1462 | D:2      | XOM: god gift: phantom mirror
  1498 | D:2      | Reached XP level 4. HP: 30/32 MP: 5/5
  1810 | D:2      | XOM: silly message
  2787 | D:3      | Reached skill level 1 in Conjurations
  2787 | D:3      | Reached skill level 1 in Hexes
  2787 | D:3      | Reached skill level 1 in Summonings
  2787 | D:3      | Reached skill level 1 in Necromancy
  2787 | D:3      | Reached skill level 1 in Translocations
  2787 | D:3      | Reached skill level 1 in Transmutations
  2787 | D:3      | Reached skill level 1 in Fire Magic
  2787 | D:3      | Reached skill level 1 in Ice Magic
  2787 | D:3      | Reached skill level 1 in Air Magic
  2787 | D:3      | Reached skill level 1 in Earth Magic
  2787 | D:3      | Reached skill level 1 in Poison Magic
  3283 | D:3      | XOM: divination: magic mapping
  3321 | D:3      | Reached XP level 5. HP: 37/37 MP: 6/6
  3463 | D:3      | Noticed Sigmund
  3465 | D:3      | XOM: scenery: create altars
  3475 | D:3      | Killed Sigmund
  3476 | D:3      | Reached skill level 3 in Armour
  3476 | D:3      | Reached skill level 2 in Invocations
  3476 | D:3      | Reached XP level 6. HP: 29/44 MP: 8/8
  3584 | D:3      | Reached skill level 5 in Long Blades
  3765 | D:3      | HP: 11/44 [iguana (12)]
  3767 | D:3      | Reached skill level 2 in Fighting
  3767 | D:3      | Reached skill level 2 in Short Blades
  3767 | D:3      | Reached skill level 2 in Axes
  3767 | D:3      | Reached skill level 2 in Maces & Flails
  3767 | D:3      | Reached skill level 2 in Polearms
  3767 | D:3      | Reached skill level 2 in Staves
  3767 | D:3      | Reached skill level 2 in Slings
  3767 | D:3      | Reached skill level 2 in Bows
  3767 | D:3      | Reached skill level 2 in Crossbows
  3767 | D:3      | Reached skill level 2 in Throwing
  3767 | D:3      | Reached skill level 2 in Dodging
  3767 | D:3      | Reached skill level 2 in Stealth
  3767 | D:3      | Reached skill level 2 in Shields
  3767 | D:3      | Reached skill level 2 in Spellcasting
  3874 | D:3      | XOM: cloud trail
  3978 | D:3      | XOM: divination: magic mapping
  4258 | D:4      | XOM: silly message
  4261 | D:4      | XOM: noise
  4522 | D:3      | HP: 8/44 [orc/+0 mace (5)]
  4892 | D:4      | Noticed a water moccasin
  4897 | D:4      | Noticed Ijyb
  4902 | D:4      | HP: 8/44 [poisoned by you (poison gas)]
  4903 | D:4      | Reached skill level 7 in Evocations
  4903 | D:4      | Reached XP level 7. HP: 10/51 MP: 10/10
  4904 | D:4      | Killed Ijyb
  4905 | D:4      | Quit the game

Vanquished Creatures
  Sigmund (D:3)
  An ogre (D:4)
  An orc priest (D:3)
  Ijyb (D:4)
  An iguana (D:3)
  2 orc wizards (D:4)
  9 adders
  A worm (D:2)
  12 orcs
  An endoplasm (D:1)
  5 giant cockroaches
  9 goblins
  4 hobgoblins (D:2)
  2 jackals (D:1)
  13 kobolds
  2 quokkas
  3 ball pythons
  6 bats
  2 frilled lizards
  6 rats
82 creatures vanquished.

Table legend:
 A = Non-vault XP
 B = Vault XP
 C = Vault XP percentage of total XP
 D = Non-vault monster count
 E = Vault monster count
 F = Vault count percentage of total count
                 A         B        C        D         E       F
            +---------+---------+-------+---------+---------+-------
      Total |     467 |     298 |  39.0 |      68 |      14 |  17.1
            +---------+---------+-------+---------+---------+-------
        D:1 |      10 |       4 |  28.6 |       6 |       2 |  25.0
        D:2 |      72 |      27 |  27.3 |      22 |      10 |  31.2
        D:3 |     183 |     231 |  55.8 |      32 |       1 |   3.0
        D:4 |     202 |      36 |  15.1 |       8 |       1 |  11.1
            +---------+---------+-------+---------+---------+-------

Illustrated notes

Table legend:
 A = Kills in this place as a percentage of kills in entire the game.
 B = Kills by you in this place as a percentage of kills by you in the entire game.
 C = Kills by friends in this place as a percentage of kills by friends in the entire game.
 D = Other kills in this place as a percentage of other kills in the entire game.
 E = Experience gained in this place as a percentage of experience gained in the entire game.
 F = Experience gained in this place divided by the number of levels of this place that you have seen.
                   A       B       C       D       E      F
               +-------+-------+-------+-------+-------+----------------------
         Total | 100.0 | 100.0 |   N/A |   N/A | 100.0 | 191.2
       Dungeon | 100.0 | 100.0 |   N/A |   N/A | 100.0 | 191.2
               +-------+-------+-------+-------+-------+----------------------

Table legend: (Time is in decaauts)
 A = Elapsed time spent in this place.
 B = Non-inter-level travel time spent in this place.
 C = Inter-level travel time spent in this place.
 D = Time resting spent in this place.
 E = Time spent auto-exploring this place.
 F = Levels seen in this place.
 G = Mean time per level.
                   A        B        C        D        E       F      G
               +--------+--------+--------+--------+--------+-----+--------+
         Total |   4878 |   4779 |     99 |   1200 |   2988 |   4 | 1219.5 |
       Dungeon |   4878 |   4779 |     99 |   1200 |   2988 |   4 | 1219.5 |
               +--------+--------+--------+--------+--------+-----+--------+

Top non-repeatable levels by time:
     D:3: 2050 daAuts
     D:2: 1671 daAuts
     D:1: 897 daAuts
     D:4: 258 daAuts
